 Dungeon Crawl Stone Soup version 0.24-a0-272-g1411513 (console) character file.

Game seed: 15889363764982044507

190 Zo the Stinger (level 5, 0/24 HPs)
             Began as a Vine Stalker Venom Mage on Apr 26, 2019.
             Slain by Grinder (4 damage)
             ... on level 3 of the Dungeon.
             The game lasted 00:07:11 (2796 turns).

Zo the Stinger (Vine Stalker Venom Mage)            Turns: 2796, Time: 00:07:12

Health: 0/24       AC:  6    Str: 10    XL:     5   Next: 69%
Magic:  0/10       EV: 11    Int: 16    God:
Gold:   226        SH:  4    Dex: 15    Spells: 0/10 levels left

rFire    + . .     SeeInvis .   a - +1 short sword (venom)
rCold    + . .     Gourm    .   V - +0 buckler
rNeg     . . .     Faith    .   e - +0 robe
rPois    .         Spirit   +   f - +2 helmet
rElec    .         Reflect  .   i - scarf {rC+ rF+}
rCorr    .         Harm     .   (no gloves)
MR       .....                  y - +0 pair of boots
Stlth    ++........             (no amulet)
HPRegen  0.48/turn              A - ring of wizardry
MPRegen  0.12/turn              (no ring)

@: no status effects
A: fangs 2, regeneration 1, magic shield, antimagic bite, no potion heal 3, rot
immunity
a: no special abilities


You were on level 3 of the Dungeon.
You were hungry.

You visited 1 branch of the dungeon, and saw 3 of its levels.

You collected 226 gold pieces.

Inventory:

Hand Weapons
 a - a +1 short sword of venom (weapon)
 p - a +0 dagger
 r - a +0 trident
Missiles
 d - 74 stones (quivered)
 j - 47 poisoned needles
 k - 87 arrows
 C - 16 sling bullets
Armour
 e - a +0 robe (worn)
 f - a +2 helmet (worn)
 i - a scarf of resistance (worn)
 q - a +3 scale mail of cold resistance
 y - a +0 pair of boots (worn)
 V - a +0 buckler (worn)
Jewellery
 u - a cursed ring of teleportation
 A - a ring of wizardry (left hand)
Scrolls
 b - a scroll of fog {unknown}
 g - a scroll of fear {unknown}
 h - 2 scrolls of teleportation {unknown}
 m - 5 scrolls of identify {unknown}
 n - a scroll of enchant weapon {unknown}
 o - 2 scrolls of random uselessness {unknown}
 t - a scroll of amnesia {unknown}
 v - a scroll of noise {unknown}
 x - 2 scrolls of remove curse {unknown}
Potions
 l - 2 potions of heal wounds {unknown}
 s - a potion of curing {unknown}
 w - a potion of haste {unknown}
 z - a potion of might {unknown}
 B - a potion of berserk rage {unknown}
 D - 2 potions of flight {unknown}
 E - a potion of degeneration {unknown}
Comestibles
 c - 8 rations


   Skills:
 * Level 2.1 Short Blades
 - Level 1.5 Dodging
 - Level 2.4 Stealth
 + Level 0.6 Shields
 - Level 3.0 Spellcasting
 - Level 1.0 Conjurations
 + Level 5.0 Poison Magic


You couldn't memorise any spells.
You knew the following spells:

 Your Spells              Type           Power        Failure   Level  Hunger
d - Sting                 Conj/Pois      ##..         3%          1    #......
m - Mephitic Cloud        Conj/Pois/Air  #.......     16%         3    ###....
v - Poisonous Vapours     Pois/Air       ##....       6%          2    ##.....
R - Olgreb's Toxic Radia  Pois           ###.....     14%         4    #####..

Your spell library contained the following spells:

 Spells                   Type           Power        Failure   Level  Hunger
 Venom Bolt               Conj/Pois      ##........   63%         5    ######.


Dungeon Overview and Level Annotations

Branches:
Dungeon (3/15)

Altars:
Elyvilon
Vehumet

Annotations:
D:3 Grinder


Innate Abilities, Weirdness & Mutations

You have extremely sharp teeth.
Your natural rate of healing is unusually fast.
When hurt, damage is shared between your health and your magic reserves.
Your bite disrupts and absorbs the magic of your enemies.
Potions cannot restore your health.
You are immune to rotting.


Message History

* * * LOW HITPOINT WARNING * * *
You writhe in agony.
You hit Grinder but do no damage.
Grinder is heavily wounded.
Grinder hits you.
* * * LOW HITPOINT WARNING * * *
You writhe in agony.
* * * LOW HITPOINT WARNING * * *
Press: ? - help, v - describe, . - travel
Here: Grinder (heavily wounded, poisoned)
The floor.
Unknown command.
Unknown command.
Unknown command.
You closely miss Grinder.
Grinder is heavily wounded.
Grinder hits you.
* * * LOW HITPOINT WARNING * * *
You writhe in agony.
You die...

#.# #########.##...... #.####
#.######## #### ##....# #.#
#..##.####.# ##'## #.#.#.#
#..# ##...## #.##.# #..#
##.....## ##.### #..#
##..._...## #
#.#.######5####.........####
#.##รท.#....@..'.........'...
#..##.#....####.........####
###.#####.# ##.......## #
#.##.### ##.....## # #.##.#
##...## # #....# ##'## #
####.# #.# # ####.#####
##.###### # #........#
#..)....# #


You could see Grinder.

Vanquished Creatures
  An orc wizard (D:3)
  Terence (D:2)
  A worker ant zombie (D:3)
  6 adders
  3 oozes
  4 worms
  2 leopard geckos
  2 orcs (D:3)
  3 giant cockroaches
  5 goblins
  3 hobgoblins (D:2)
  2 quokkas
  3 ball pythons
  6 bats
  5 frilled lizards
  A jackal skeleton (D:3)
  8 kobolds
  A rat (D:3)
57 creatures vanquished.

Notes
Turn   | Place    | Note
-------+----------+-------------------------------------------
     0 | D:1      | Zo the Vine Stalker Venom Mage began the quest for the Orb.
     0 | D:1      | Reached XP level 1. HP: 9/9 MP: 4/4
   176 | D:1      | Reached XP level 2. HP: 13/13 MP: 5/7
   192 | D:1      | You fall through a shaft!
   244 | D:2      | Learned a level 2 spell: Poisonous Vapours
   320 | D:2      | Reached XP level 3. HP: 7/16 MP: 0/8
   700 | D:2      | Reached skill level 4 in Poison Magic
  1200 | D:2      | Gained mutation: Your natural rate of healing is unusually
                  | fast. [Vine Stalker growth]
  1200 | D:2      | Reached XP level 4. HP: 21/21 MP: 3/9
  1237 | D:2      | Noticed Terence
  1249 | D:2      | Killed Terence
  1745 | D:3      | Reached skill level 1 in Short Blades
  1753 | D:3      | Found a radiant altar of Vehumet.
  1885 | D:3      | Found a white marble altar of Elyvilon.
  2021 | D:3      | Reached XP level 5. HP: 24/24 MP: 8/10
  2087 | D:3      | Learned a level 4 spell: Olgreb's Toxic Radiance
  2091 | D:3      | Learned a level 3 spell: Mephitic Cloud
  2338 | D:3      | Reached skill level 5 in Poison Magic
  2534 | D:3      | Noticed Grinder
  2796 | D:3      | Slain by Grinder

Levels and vault maps discovered:
D:1:      scummos_arrival_gate, layout_basic
D:2:      layout_basic, uniq_terence
D:3:      layout_loops_corners, overflow_temple_1_default, vehumet_crystals,
          marbit_many_paths, mrwooster_statue_mirror, minmay_mini_jars,
          uniq_grinder

Skill      XL: |  1  2  3  4  5 |
---------------+----------------+-----
Spellcasting   | 3 |  3.0
Poison Magic   | 4 5 |  5.0
Short Blades   | 1 2 |  2.1
Dodging        | |  1.5
Stealth        | |  2.4
Shields        | |  0.6
Conjurations   | |  1.0

Action                   |  1- 3 |  4- 6 || total
-------------------------+-------+-------++-------
Melee: Dagger            |    24 |       ||    24
       Bite              |     4 |    14 ||    18
       Short sword       |       |    62 ||    62
 Cast: Sting             |    15 |    13 ||    28
       Poisonous Vapours |    14 |    18 ||    32
       Olgreb's Toxic Ra |       |     3 ||     3
 Stab: Sleeping          |       |     4 ||     4
  Eat: Chunk             |     2 |     6 ||     8
Armor: Robe              |     9 |     9 ||    18
Dodge: Dodged            |    23 |    31 ||    54
Block: Buckler           |       |     2 ||     2

Table legend:
 A = Non-vault XP
 B = Vault XP
 C = Vault XP percentage of total XP
 D = Non-vault monster count
 E = Vault monster count
 F = Vault count percentage of total count
                 A         B        C        D         E       F
            +---------+---------+-------+---------+---------+-------
      Total |     204 |      68 |  25.0 |      45 |      12 |  21.1
            +---------+---------+-------+---------+---------+-------
        D:1 |      17 |       0 |   0.0 |       7 |       0 |   0.0
        D:2 |     100 |      32 |  24.2 |      27 |       1 |   3.6
        D:3 |      87 |      36 |  29.3 |      11 |      11 |  50.0
            +---------+---------+-------+---------+---------+-------
